 Dungeon Crawl Stone Soup version 0.24-a0-458-gfcb5e6da0e (webtiles) character file.

Game seed: 6710841092567306129

70 JellyEater the Digger (level 4, -3/24 HPs)
             Began as a Gargoyle Earth Elementalist on June 27, 2019.
             Slain by an adder (4 damage)
             ... on level 2 of the Dungeon.
             The game lasted 00:03:12 (1473 turns).

JellyEater the Digger (Gargoyle Earth Elementalist) Turns: 1473, Time: 00:03:12

Health: -3/24      AC:  6    Str: 16    XL:     4   Next: 22%
Magic:  2/8        EV: 12    Int: 17    God:
Gold:   84         SH:  0    Dex: 10    Spells: 8/9 levels left

rFire    . . .     SeeInvis .   f - +1 club
rCold    . . .     Gourm    +   (no shield)
rNeg     + . .     Faith    .   c - +1 robe
rPois    ∞         Spirit   .   (no helmet)
rElec    +         Reflect  .   (no cloak)
rCorr    .         Harm     .   (no gloves)
MR       .....                  (no boots)
Stlth    ++........             h - amulet of the gourmand
HPRegen  0.08/turn              (no ring)
MPRegen  0.11/turn              (no ring)

@: mighty, very slightly contaminated
A: negative energy resistance 1, electricity resistance, unbreathing,
petrification resistance, rot immunity, AC +3
a: no special abilities


You were on level 2 of the Dungeon.
You were full.

You visited 1 branch of the dungeon, and saw 2 of its levels.

You collected 84 gold pieces.

Inventory:

Hand Weapons
 f - a +1 club (weapon)
Missiles
 b - 84 stones (quivered)
Armour
 c - a +1 robe (worn)
Jewellery
 h - an amulet of the gourmand (around neck)
Scrolls
 g - 2 scrolls of identify
Potions
 a - a potion of might
 e - a potion of brilliance
Comestibles
 d - 3 rations


   Skills:
 - Level 1.5 Dodging
 - Level 2.1 Stealth
 + Level 3.2 Spellcasting
   Level 0.7 Transmutations
 + Level 4.9 Earth Magic


You had 8 spell levels left.
You knew the following spells:

 Your Spells              Type           Power        Failure   Level  Hunger
a - Sandblast             Erth           ###...       2%          1    None

Your spell library contained the following spells:

 Spells                   Type           Power        Failure   Level  Hunger
 Passwall                 Tmut/Erth      ##......     9%          2    ##.....
 Stone Arrow              Conj/Erth      ##....       19%         3    ###....
 Petrify                  Tmut/Erth      ##......     47%         4    ####...
 Lee's Rapid Deconstruct  Erth           ###.......   52%         5    ######.


Dungeon Overview and Level Annotations

Branches:
Dungeon (2/15)

Altars:


Innate Abilities, Weirdness & Mutations

You are resistant to torment.
Your stone body is resilient. (AC +3)
You are immune to poison.
You resist negative energy. (rN+)
You are resistant to electric shocks. (rElec)
You can survive without breathing.
You are immune to petrification.
You are immune to rotting.


Message History

* * * LOW HITPOINT WARNING * * *
Casting: Sandblast (safe; 2% risk of failure)
Confirm with . or Enter, or press ? or * to list all spells.
Aiming: Sandblast (safe; 2% risk of failure)
Press: ? - help, Shift-Dir - straight line, f - adder
Aim: an adder The blast of sand hits the adder.
The adder is heavily wounded.
b - 85 stones The adder misses you.
Casting: Sandblast (safe; 2% risk of failure)
Confirm with . or Enter, or press ? or * to list all spells.
Aiming: Sandblast (safe; 2% risk of failure)
Press: ? - help, Shift-Dir - straight line, f/p - adder
Aim: an adder (heavily wounded)
The blast of sand hits the adder.
The adder is severely wounded.
b - 84 stones The adder bites you.
You die...

...........#####...
........ #..#
####...##### #..#
.#......##..# # #<..#
#..##.#.......#... #
#...#
####.....#..####.....
#...#
.......##....##.....
##.##
##..#.##..#.##..###
#.#
#r..r...........#([
#.#
#S##########'#..#)(
#####.###.##
##@≈≈≈§§≈ ≈.#...#?$
...<.........
#≈.§.§§...≈#...###
#.......#.###
#≈.≈§§§≈§.≈#......
#.##.##.#
#≈.≈≈≈§§≈.≈#$..... #.
#.# .#
#≈.≈≈##≈§.≈#.##### #
#.. .# #≈.≈≈##≈≈.≈ .#
##.# # #§.§≈§ ..
#≈.§≈≈≈ .##


You could see an adder and a rat.

Vanquished Creatures
  4 adders (D:2)
  A dart slug (D:1)
  2 leopard geckos (D:2)
  A bat (D:1)
  2 giant cockroaches (D:2)
  5 goblins
  4 hobgoblins
  4 kobolds
  A quokka (D:2)
  A frilled lizard (D:2)
  4 rats
29 creatures vanquished.

Notes
Turn   | Place    | Note
-------+----------+-------------------------------------------
     0 | D:1      | JellyEater the Gargoyle Earth Elementalist began the quest
                  | for the Orb.
     0 | D:1      | Reached XP level 1. HP: 10/10 MP: 3/3
   332 | D:1      | Reached skill level 4 in Earth Magic
   332 | D:1      | Reached XP level 2. HP: 13/15 MP: 5/5
   947 | D:2      | Reached XP level 3. HP: 8/19 MP: 2/7
  1381 | D:2      | Reached XP level 4. HP: 12/24 MP: 8/8
  1471 | D:2      | HP: 1/24 [adder (3)]
  1473 | D:2      | Slain by an adder

Levels and vault maps discovered:
D:1:      saegor_arrival_simple_d, layout_basic, minmay_pentomino_p2
D:2:      layout_loops_cross, serial_glass, glass_columns_b, glass_columns_a,
          minmay_strange_pillars, due_unseen_surprise, item_on_display_a,
          feat_on_display, kennysheep_pointless_box

Skill      XL: |  1  2  3 |
---------------+----------+-----
Earth Magic    | 4 |  4.9
Spellcasting   | 3 |  3.2
Dodging        | |  1.5
Stealth        | |  2.1
Transmutations | |  0.7

Action                   |  1- 3 |  4- 6 || total
-------------------------+-------+-------++-------
Melee: Unarmed           |    10 |       ||    10
       Club              |    74 |     8 ||    82
 Cast: Sandblast         |    15 |     5 ||    20
  Use: Scroll            |     6 |       ||     6
       Potion            |       |     1 ||     1
 Stab: Sleeping          |     2 |     1 ||     3
  Eat: Chunk             |     2 |     4 ||     6
Armor: Robe              |    46 |    10 ||    56
Dodge: Dodged            |    58 |    24 ||    82

Table legend:
 A = Non-vault XP
 B = Vault XP
 C = Vault XP percentage of total XP
 D = Non-vault monster count
 E = Vault monster count
 F = Vault count percentage of total count
                 A         B        C        D         E       F
            +---------+---------+-------+---------+---------+-------
      Total |      98 |       3 |   3.0 |      27 |       2 |   6.9
            +---------+---------+-------+---------+---------+-------
        D:1 |      19 |       3 |  13.6 |       9 |       2 |  18.2
        D:2 |      79 |       0 |   0.0 |      18 |       0 |   0.0
            +---------+---------+-------+---------+---------+-------
